 Dungeon Crawl Stone Soup version 0.32-a0-705-g60f233581c (webtiles) character file.

Game seed: 13875028767286871660

1401 CallForthTheTempest the Shield-Bearer (level 9, -4/66 (70) HPs)
             Began as a Formicid Fighter on Mar 14, 2024.
             Was a Follower of Zin.
             Slain by a wight
             ... wielding a +1 mace
              (6 damage)
             ... on level 6 of the Dungeon.
             The game lasted 00:08:49 (4435 turns).

CallForthTheTempest the Shield-Bearer (FoFi)        Turns: 4435, Time: 00:08:50

HP:   -4/66 (70)    AC:  7    Str: 26    XL:     9   Next: 1%
MP:   11/11         EV:  8    Int:  7    God:    Zin [*.....]
Gold: 200           SH:  5    Dex: 13    Spells: 8/8 levels left

rFire   . . .        a - +0 war axe
rCold   . . .        c - +0 buckler
rNeg    . . .        b - +0 scale mail
rPois   .            (helmet unavailable)
rElec   .            (no cloak)
rCorr   .            (no gloves)
SInv    +            (no boots)
Will    .....        (no amulet) Stlth
                     (no ring)
HPRegen 0.31/turn    (no ring)
MPRegen 0.12/turn

%: no passive effects
@: mighty, drained
A: permanent stasis, dig shafts and tunnels, antennae 3, four strong arms
a: Dig, Shaft Self, Renounce Religion, Recite, Donate Gold


You were on level 6 of the Dungeon.
You worshipped Zin.
Zin was aware of your devotion.
You visited 2 branches of the dungeon, and saw 7 of its levels.

You collected 222 gold pieces.
You donated 22 gold pieces to Zin.

Inventory:

Hand Weapons
 a - a +0 war axe (weapon)
Armour
 b - a +0 scale mail (worn)
 c - a +0 buckler (worn)
Jewellery
 h - a ring of positive energy
 m - a +4 ring of slaying
Scrolls
 g - a scroll of revelation {unknown}
 i - a scroll of fear {unknown}
 j - 2 scrolls of enchant armour {unknown}
 k - 5 scrolls of identify {unknown}
 l - 4 scrolls of teleportation {unknown}
 n - a scroll of torment {unknown}
 o - a scroll of enchant weapon {unknown}
 s - a scroll of blinking {unknown}
 t - a scroll of amnesia {unknown}
 v - 3 scrolls of vulnerability {unknown}
 w - a scroll of poison {unknown}
 x - a scroll of butterflies {unknown}
Potions
 e - 2 potions of curing {unknown}
 f - a potion of magic {unknown}
 p - a potion of attraction {unknown}
 q - a potion of cancellation {unknown}
 r - a potion of haste {unknown}
 u - a potion of heal wounds {unknown}


   Skills:
 + Level 6.3 Fighting
 + Level 5.3 Axes
 + Level 6.3 Armour
 + Level 7.5 Shields
 + Level 3.3 Invocations


You had 8 spell levels left.
You didn't know any spells.
Your spell library contained the following spells:

 Spells                   Type           Power      Damage    Failure   Level
 Magic Dart               Conj           0%         1d3       75%         1
 Shock                    Conj/Air       0%         1d3       75%         1
 Summon Small Mammal      Summ           0%         N/A       75%         1
 Call Imp                 Summ           0%         N/A       86%         2
 Ensorcelled Hibernation  Hex/Ice        0%         N/A       86%         2
 Call Canine Familiar     Summ           0%         N/A       98%         3
 Passwall                 Erth           0%         N/A       98%         3
 Airstrike                Air            0%         2d(0-16)  100%        4
 Summon Blazeheart Golem  Fire/Summ      0%         N/A       100%        4
 Blink                    Tloc           Unusable   N/A       N/A         2
 Swiftness                Air            Unusable   N/A       N/A         3

Dungeon Overview and Level Annotations

Branches:
Dungeon (6/15)             Temple (1/1) D:4

Altars:
Ashenzari
Dithmenos
Kikubaaqudgha
Makhleb
Okawaru
Qazlal
Ru
Sif Muna
Trog
Uskayaw
Vehumet
Wu Jian
Xom
Yredelemnul
Zin

Shops:
D:2 !:   D:4 *


Innate Abilities, Weirdness & Mutations

You cannot be hasted, slowed, berserked, paralysed or teleported.
You can dig through walls and to a lower floor.
You have a pair of large antennae on your head. (SInv)
Your four strong arms can wield two-handed weapons with a shield.


Message History

You barely miss the wight. You block the wight's attack. x2
You hit the wight but do no damage.
The wight is severely damaged.
You closely miss the wight. The wight closely misses you.
The wight hits you with a +1 dire flail!
The wight barely misses you. The wight hits you but does no damage.
You closely miss the wight.
The wight is severely damaged.
You hit the wight but do no damage.
You are ready to recite again.
The wight hits you with a +1 mace!
* * * LOW HITPOINT WARNING * * *
The wight closely misses you.
You feel very mighty all of a sudden. The wight barely misses you.
The wight hits you with a +1 mace.
* * * LOW HITPOINT WARNING * * *
You hit the wight.
The wight is heavily damaged.
You closely miss the wight. You block the wight's attack. x2
You hit the wight.
The wight is severely damaged.
You hit the wight. The wight barely misses you.
The wight hits you with a +1 dire flail!
* * * LOW HITPOINT WARNING * * *
You feel drained. Zin protects you from harm!
Unknown command.
You hit the wight.
You destroy the wight!
Zin accepts your kill.
You barely miss the wight. The wight barely misses you.
The wight hits you but does no damage.
You have reached level 9!
Your experience leads to an increase in your attributes!
Increase (S)trength, (I)ntelligence, or (D)exterity?
You feel stronger. x2
You closely miss the wight.
The wight is severely damaged.
The wight hits you with a +1 mace.
You die...

#.##.# .###.# ##.#.###
[..... #......####
...... #.........##
#....# ##....).....#
##..... #..<..)....##
#......####.........###
#.....z)##...#..###...#
.......@..#.........###
....:...)####.##...##
.!...........#######
##..........†..#
#.............#
##......#....##
#########.#.# #####


You could see a wight.

Vanquished Creatures
  Grinder (D:3)
  Sigmund (D:2)
  A centaur (D:5)
  2 ogres
  A phantom (D:5)
  3 scorpions
  2 wights (D:6)
  A howler monkey (D:3)
  A jelly (D:3)
  2 hounds (D:5)
  A sleepcap (D:5)
  2 iguanas
  3 orc wizards (D:4)
  8 adders
  A shadow imp (D:5)
  2 ribbon worms (D:3)
  6 orcs
  7 ball pythons
  3 bats
  6 endoplasms
  2 giant cockroaches
  11 hobgoblins
  8 jackals
  4 kobolds
  5 quokkas
  3 frilled lizards (D:1)
  4 goblins
  2 rats
93 creatures vanquished.

Notes
Turn   | Place    | Note
-------+----------+-------------------------------------------
     0 | D:1      | CallForthTheTempest the Formicid Fighter began the quest
                  | for the Orb.
     0 | D:1      | Reached XP level 1. HP: 18/18 MP: 1/1
   272 | D:1      | Found a faded altar of an unknown god.
   278 | D:1      | Reached XP level 2. HP: 24/24 MP: 2/2
   622 | D:1      | Reached XP level 3. HP: 29/29 MP: 3/3
   999 | D:2      | Noticed Sigmund
  1024 | D:2      | Killed Sigmund
  1025 | D:2      | Reached skill level 5 in Shields
  1025 | D:2      | Reached XP level 4. HP: 16/38 MP: 4/4
  1025 | D:2      | Reached XP level 5. HP: 18/43 MP: 5/5
  1025 | D:2      | Reached XP level 6. HP: 21/49 MP: 6/6
  1143 | D:2      | Found Vepaf's Distillery.
  1246 | D:2      | Found Fothaon's Book Boutique.
  1787 | D:3      | Noticed Grinder
  1815 | D:3      | Killed Grinder
  1816 | D:3      | Reached skill level 5 in Fighting
  1816 | D:3      | Reached skill level 5 in Armour
  1816 | D:3      | Reached skill level 6 in Shields
  1816 | D:3      | Reached XP level 7. HP: 18/56 MP: 7/7
  2514 | D:4      | Found Suhanweq's Assorted Antiques.
  2590 | D:4      | Found a staircase to the Ecumenical Temple.
  2648 | Temple   | Entered the Ecumenical Temple
  2657 | Temple   | Became a worshipper of Zin the Law-Giver
  2657 | Temple   | Reached * piety under Zin
  2928 | D:4      | Reached XP level 8. HP: 41/63 MP: 8/8
  3011 | D:4      | Found a sacrificial altar of Ru.
  3152 | D:5      | Entered Level 5 of the Dungeon
  3154 | D:5      | Reached skill level 1 in Invocations
  3336 | D:5      | Reached skill level 7 in Shields
  3600 | D:5      | Found a shimmering blue altar of Sif Muna.
  3674 | D:5      | HP: 2/64 [ogre/+0 giant club (26)]
  3677 | D:5      | Reached skill level 5 in Axes
  4433 | D:6      | HP: 1/60 [wight/+1 dire flail (11)]
  4433 | D:6      | Zin protects you from harm!
  4435 | D:6      | Reached XP level 9. HP: 1/66 MP: 11/11
  4435 | D:6      | Slain by a wight

Illustrated notes

Levels and vault maps discovered:
D:1:      kennysheep_arrival_forest, layout_loops_ring,
          chequers_ecumenical_altar_simple_redux
D:2:      layout_basic, serial_forest, infiniplex_forest_end_1,
          infiniplex_forest_lined_3_way, infiniplex_forest_clump_double,
          infiniplex_forest_corner_2, infiniplex_forest_lined_room_2,
          infiniplex_forest_clump_curved, infiniplex_forest_corner_1,
          infiniplex_forest_straight_1, serial_shops, shop,
          nicolae_book_shop_shelving, serial_bayou_pond_d,
          ebering_dispersal_statue_hall, uniq_sigmund
D:3:      layout_rooms, uniq_grinder
D:4:      layout_rooms, nicolae_ru_great_annihilating_truth, temple_statues,
          serial_shops, nicolae_stop_n_shop_1
D:5:      layout_loops_corners, mainiacjoe_overflow_boulevard
D:6:      layout_cave_pools, elyvilon_altar_1, gammafunk_temple_overflow_wave,
          gammafunk_ghost_gnarly_gnolls, nicolae_ea-nasir_strikes_again
Temple:   compressed_dpeg_triangle_lava_temple

Skill      XL: |  1  2  3  4  5  6  7  8 |
---------------+-------------------------+-----
Fighting       | 4 5 6 |  6.3
Axes           | 3 4 5 |  5.3
Armour         | 4 5 6 |  6.3
Shields        | 5 6 7 |  7.5
Invocations    | 3 |  3.3

Action                     |  1- 3 |  4- 6 |  7- 9 || total
---------------------------+-------+-------+-------++-------
  Melee: War axe           |    69 |    64 |   173 ||   306
 Invoke: Recite            |       |       |     3 ||     3
Ability: Dig               |       |     1 |       ||     1
    Use: Potion            |       |       |     2 ||     2
   Stab: Paralysed         |       |       |     2 ||     2
 Armour: Scale mail        |    49 |    38 |   140 ||   227
  Dodge: Dodged            |    37 |    28 |    78 ||   143
  Block: Buckler           |    12 |    26 |    64 ||   102

Table legend: (Time is in decaauts)
 A = Elapsed time spent in this place.
 B = Non-inter-level travel time spent in this place.
 C = Inter-level travel time spent in this place.
 D = Time resting spent in this place.
 E = Time spent auto-exploring this place.
 F = Levels seen in this place.
 G = Mean time per level.
                   A        B        C        D        E       F      G
               +--------+--------+--------+--------+--------+-----+--------+
         Total |   4537 |   4220 |    317 |    652 |   2812 |   7 |  648.1 |
       Dungeon |   4518 |   4217 |    301 |    652 |   2812 |   6 |  753.0 |
        Temple |     18 |      2 |     16 |      0 |      0 |   1 |   18.0 |
               +--------+--------+--------+--------+--------+-----+--------+

Top non-repeatable levels by time:
     D:5: 1232 daAuts
     D:1: 917 daAuts
     D:3: 852 daAuts
     D:2: 842 daAuts
     D:4: 598 daAuts
     D:6: 75 daAuts
  Temple: 18 daAuts
